 Dungeon Sprint DCSS version 0.22.1-2-g9c5b331 (webtiles) character file.

75284 diana the Invulnerable (level 15, -3/145 HPs)
             Began as a Minotaur Gladiator on Dec 14, 2018.
             Was the Champion of Cheibriados.
             Slain by Dissolution (9 damage)
             ... while paralysed by a floating eye
             ... in the Dungeon (Sprint VII: "The Pits").
             The game lasted 00:23:49 (4634 turns).

diana the Invulnerable (Minotaur Gladiator)         Turns: 4634, Time: 00:23:50

Health: -3/145     AC: 18    Str: 49    XL:     15   Next: 9%
Magic:  3/21       EV:  2    Int: 20    God:    Cheibriados [******]
Gold:   84         SH:  0    Dex: 29    Spells: 14/14 levels left

rFire    . . .     SeeInvis +   G - +5 battleaxe (chop)
rCold    . . .     Gourm    +   (shield currently unavailable)
rNeg     + . .     Faith    .   K - +3 storm dragon scales
rPois    .         Spirit   .   (helmet unavailable)
rElec    +         Reflect  .   b - +1 cloak {+Inv}
rCorr    .         Harm     .   I - +1 pair of gloves
MR       +....     NoTele   +   H - +1 pair of boots
Stlth    ..........             P - amulet of Egalitarianism {Gourm Str+4}
HPRegen  0.34/turn              S - ring of the Messenger {rN+ EV+6 Dex+2}
MPRegen  0.17/turn              N - +5 ring of slaying

@: confused, paralysed, mighty, lethally poisoned (-3 -> -13), corroded,
mesmerised, very slow
A: retaliatory headbutt, hooves 1, horns 3, see invisible, frail 1, evolution 1
a: Bend Time, Temporal Distortion, Slouch, Step From Time, Renounce Religion,
Evoke Invisibility


You were in the Dungeon.
You worshipped Cheibriados.
Cheibriados was exalted by your worship.
You were very full.

You visited 1 branch You collected 84 gold pieces.

Inventory:

Hand Weapons
 l - a +5 broad axe
 G - a +5 battleaxe of chopping (weapon)
Missiles
 d - 3 throwing nets (quivered)
Armour
 b - a +1 cloak of invisibility (worn)
 q - a +1 pair of gloves of dexterity
 H - a +1 pair of boots (worn)
 I - a +1 pair of gloves (worn)
 J - +4 ice dragon scales
 K - +3 storm dragon scales (worn)
Jewellery
 c - a +3 ring of protection
 y - the ring "Wununtoff" {rElec rPois rF+ MP+9 Dex+3}
   (You found it in the Dungeon)

   [ring of protection from fire]

   It affects your dexterity (+3).
   It protects you from fire.
   It insulates you from electricity.
   It protects you from poison.
   It affects your magic capacity (+9).
 A - an uncursed ring of protection from cold
 L - the ring of Morality {*Corrode rN++ MR+}
   (You found it in the Dungeon)

   [ring of protection from magic]

   It greatly protects you from negative energy.
   It affects your resistance to hostile enchantments.
   It may corrode you when you take damage.
 M - the ring "Earthly Heaven" {rF+ MR+ Dex+4 SInv Stlth+}
   (You found it in the Dungeon)

   [ring of protection from fire]

   It affects your dexterity (+4).
   It protects you from fire.
   It affects your resistance to hostile enchantments.
   It lets you see invisible.
   It makes you more stealthy.
 N - a +5 ring of slaying (right hand)
 P - the amulet of Egalitarianism (around neck) {Gourm Str+4}
   (You found it in the Dungeon)

   [amulet of the gourmand]

   It allows you to eat raw meat even when not hungry.
   It affects your strength (+4).
 S - the ring of the Messenger (left hand) {rN+ EV+6 Dex+2}
   (You found it in the Dungeon)

   [ring of evasion]

   It affects your evasion (+6).
   It affects your dexterity (+2).
   It protects you from negative energy.
 X - the ring of Boyj {rC++ MR+ Int+3}
   (You found it in the Dungeon)

   [ring of protection from magic]

   It affects your intelligence (+3).
   It greatly protects you from cold.
   It affects your resistance to hostile enchantments.
 Y - the ring "Rinur" {*Contam rPois Str+4 SInv}
   (You found it in the Dungeon)

   [ring of see invisible]

   It affects your strength (+4).
   It protects you from poison.
   It lets you see invisible.
   It causes magical contamination when unequipped.
Wands
 a - a wand of enslavement (7)
 v - a wand of flame (39)
Scrolls
 k - 2 scrolls of blinking
 n - 5 scrolls of remove curse
 o - 5 scrolls of amnesia
 p - a scroll of summoning
 z - a scroll of enchant armour
 B - 2 scrolls of fear
 D - 2 scrolls of enchant weapon
 E - 3 scrolls of fog
Potions
 e - 7 potions of curing
 g - 18 potions of heal wounds
 h - 8 potions of haste
 i - a potion of magic
 j - 3 potions of berserk rage
 m - a potion of invisibility
 u - a potion of might
 x - a potion of resistance {unknown}
 C - 2 potions of agility
Comestibles
 f - 15 rations


   Skills:
 + Level 22.7 Fighting
 - Level 20.1 Axes
 - Level 2.0 Throwing
 O Level 27 Armour
 + Level 24.5 Dodging
 - Level 10.6 Invocations


You had 14 spell levels left.
You didn't know any spells.
Your spell library contained the following spells:

 Spells                   Type           Power        Failure   Level  Hunger
 Confusing Touch          Hex            #.....       30%         1    ##.....
 Ensorcelled Hibernation  Hex/Ice        #.....       41%         2    ###....
 Confuse                  Hex            #.......     65%         3    ####...
 Conjure Flame            Conj/Fire      #.......     65%         3    ####...
 Tukima's Dance           Hex            #.......     65%         3    ####...


Dungeon Overview and Level Annotations

Branches:
Dungeon (1/1)

Altars:
Ashenzari
Cheibriados
Dithmenos
Elyvilon
Fedhas
Gozag
Hepliaklqana
Kikubaaqudgha
Makhleb
Nemelex Xobeh
Okawaru
Qazlal
Ru
Sif Muna
Trog
Uskayaw
Vehumet
Wu Jian
Xom
Yredelemnul
Zin
The Shining One
Beogh
Jiyva
Lugonu

Annotations:
D Dissolution, Frederick, Jory


Innate Abilities, Weirdness & Mutations

You reflexively headbutt those who attack you in melee.
You have a pair of large horns on your head.
You have large cloven feet.
You have supernaturally acute eyesight. (SInv)
You are frail. (-10% HP)
You evolve.


Message History

Jory mumbles some strange words.
Jory draws you further into his thrall.
The floating eye gazes piercingly through you!
You suddenly lose the ability to move!
You feel sick. Dissolution hits you!
You are splashed with acid!
The acid burns!
Dissolution hits you but does no damage.
Jory is infused with unholy energy.
Jory draws life force from you and is healed!
The floating eye's view fixates on you. The golden eye blinks at you.
You are more confused.
The golden eye blinks at you.
You are more confused.
You feel sick. Dissolution hits you!!
* * * LOW HITPOINT WARNING * * *
You are splashed with acid!
The acid burns!
* * * LOW HITPOINT WARNING * * *
Dissolution hits you!
You die...

##...........
#.........G.
#.......... .....G...
....G.. #.G@1 #JV#
#####'@#####
#..........#
#..........#
+..#....#..#
+..........#
#..........# ,, *
###########..#....#..#
,
.........''..........#
.........''..........#
, , ,


You could see Jory, Dissolution, Frederick, a Brimstone Fiend, a shining eye, a
floating eye and 2 golden eyes.

Vanquished Creatures
  A lich (D)
  A sphinx (D)
  An Executioner (D)
  Gastronok (D)
  5 nagarajas (D)
  Ilsuiw (D)
  2 orc warlords (D)
  A draconian annihilator (D)
  2 draconian shifters (D)
  An angel (D)
  A war gargoyle (D)
  An ophan (D)
  2 green draconians (D)
  2 deep elf demonologists (D)
  An ettin (D)
  A deep elf death mage (D)
  A yaktaur captain (D)
  A fire dragon (D)
  2 deep elf high priests (D)
  Josephine (D)
  4 naga warriors (D)
  A vault guard (D)
  2 alligator snapping turtles (D)
  A merfolk avatar (D)
  A merfolk aquamancer (D)
  A vampire mage (D)
  A death knight (D)
  An anaconda (D)
  3 ogre magi (D)
  6 hell knights (D)
  4 deep elf knights (D)
  A fire crab (D)
  2 shadow wraiths (D)
  A sixfirhy (D)
  A sea snake (D)
  A spriggan druid (D)
  An unseen horror (D)
  4 wizards (D)
  11 orc knights (D)
  A phantasmal warrior (D)
  3 orc sorcerers (D)
  A large abomination (D)
  A deep elf mage (D)
  3 cyclopes (D)
  An ugly thing (D)
  An elephant (D)
  A guardian serpent (D)
  Maurice (D)
  A naga mage (D)
  A black mamba (D)
  2 molten gargoyles (D)
  A smoke demon (D)
  A spiny frog (D)
  3 yaktaurs (D)
  3 kobold demonologists (D)
  2 ice devils (D)
  2 freezing wraiths (D)
  A komodo dragon (D)
  A troll (D)
  A merfolk (D)
  A hornet (D)
  A polar bear (D)
  A bog body (D)
  4 dream sheep (D)
  A spriggan (D)
  2 redbacks (D)
  2 wyverns (D)
  5 wraiths (D)
  3 water elementals (D)
  10 yaks (D)
  A fire elemental (D)
  A hungry ghost (D)
  A soldier ant (D)
  4 hell hounds (D)
  2 porcupines (D)
  A sky beast (D)
  A necrophage (D)
  6 orc warriors (D)
  A black bear (D)
  2 eyes of draining (D)
  2 ogres (D)
  A wolf (D)
  2 centaurs (D)
  2 big kobolds (D)
  7 killer bees (D)
  6 wights (D)
  A quasit (D)
  A gnoll shaman (D)
  A worker ant (D)
  An iguana (D)
  A mummy (D)
  5 gnolls (D)
  An adder (D)
  A white imp (D)
  2 ufetubi (D)
  An ooze (D)
  A leopard gecko (D)
  6 orcs (D)
  A giant cockroach (D)
  2 hobgoblins (D)
  A quokka (D)
  5 kobolds (D)
  A quokka skeleton (D)
  A crawling corpse (D)
211 creatures vanquished.

Vanquished Creatures (others)
  A dream sheep (D)
  A crawling corpse (D)
2 creatures vanquished.

Grand Total: 213 creatures vanquished

Notes
Turn   | Place    | Note
-------+----------+-------------------------------------------
     0 | D        | diana the Minotaur Gladiator began the quest for the Orb.
     0 | D        | Reached XP level 1. HP: 18/18 MP: 0/0
    39 | D        | Found a glowing golden altar of the Shining One.
    39 | D        | Found a glowing silver altar of Zin.
    39 | D        | Found a basalt altar of Yredelemnul.
    39 | D        | Found a shimmering altar of Xom.
    39 | D        | Found an ornate altar of the Wu Jian Council.
    39 | D        | Found a bloodstained altar of Trog.
    39 | D        | Found a deep blue altar of Sif Muna.
    39 | D        | Found a sacrificial altar of Ru.
    39 | D        | Found a stormy altar of Qazlal.
    39 | D        | Found an iron altar of Okawaru.
    39 | D        | Found a sparkling altar of Nemelex Xobeh.
    39 | D        | Found a burning altar of Makhleb.
    39 | D        | Found a viscous altar of Jiyva.
    39 | D        | Found a hazy altar of Hepliaklqana.
    39 | D        | Found an opulent altar of Gozag.
    39 | D        | Found a blossoming altar of Fedhas.
    39 | D        | Found a white marble altar of Elyvilon.
    39 | D        | Found a shadowy altar of Dithmenos.
    39 | D        | Found a snail-covered altar of Cheibriados.
    40 | D        | Found a radiant altar of Vehumet.
    40 | D        | Found a corrupted altar of Lugonu.
    40 | D        | Found a roughly hewn altar of Beogh.
    41 | D        | Found a hide-covered altar of Uskayaw.
    41 | D        | Found an ancient bone altar of Kikubaaqudgha.
    41 | D        | Found a shattered altar of Ashenzari.
    53 | D        | Became a worshipper of Cheibriados the Contemplative
    69 | D        | Reached skill level 2 in Armour
    69 | D        | Reached XP level 2. HP: 14/26 MP: 1/1
    73 | D        | Reached * piety under Cheibriados
    73 | D        | Reached skill level 5 in Axes
   281 | D        | Reached ** piety under Cheibriados
   309 | D        | Reached XP level 3. HP: 33/33 MP: 2/2
   311 | D        | Reached skill level 3 in Armour
   314 | D        | Reached *** piety under Cheibriados
   314 | D        | Reached skill level 5 in Dodging
   314 | D        | Reached XP level 4. HP: 32/41 MP: 3/3
   453 | D        | Noticed a porcupine
   453 | D        | Noticed a wolf
   457 | D        | Killed a wolf
   457 | D        | Reached skill level 5 in Fighting
   457 | D        | Reached skill level 5 in Armour
   457 | D        | Reached XP level 5. HP: 37/50 MP: 4/4
   466 | D        | Killed a porcupine
   466 | D        | Reached **** piety under Cheibriados
   469 | D        | Reached XP level 6. HP: 24/57 MP: 5/5
   473 | D        | Reached ***** piety under Cheibriados
   655 | D        | Reached skill level 15 in Axes
   655 | D        | Reached XP level 7. HP: 61/62 MP: 6/6
   657 | D        | Noticed a redback
   659 | D        | Killed a redback
   659 | D        | Reached ****** piety under Cheibriados
   659 | D        | Reached skill level 6 in Armour
   665 | D        | Noticed a hungry ghost
   671 | D        | Reached skill level 7 in Armour
   680 | D        | Killed a hungry ghost
   686 | D        | Noticed a wyvern
   686 | D        | Noticed a polar bear
   691 | D        | Killed a wyvern
   691 | D        | Reached XP level 8. HP: 68/74 MP: 6/8
   694 | D        | Killed a polar bear
   819 | D        | Noticed a black mamba
   821 | D        | Reached skill level 10 in Dodging
   823 | D        | Killed a black mamba
   823 | D        | Reached skill level 5 in Invocations
   879 | D        | Noticed a bog body
   879 | D        | Noticed an anaconda
   879 | D        | Noticed a molten gargoyle
   881 | D        | Killed an anaconda
   881 | D        | Reached XP level 9. HP: 78/81 MP: 11/13
   883 | D        | Killed a molten gargoyle
   951 | D        | Noticed a cyclops
   951 | D        | Noticed a wizard
   956 | D        | Killed a wizard
   960 | D        | Killed a cyclops
   960 | D        | Reached skill level 15 in Dodging
  1035 | D        | Noticed a large abomination
  1044 | D        | Killed a large abomination
  1044 | D        | Reached XP level 10. HP: 43/88 MP: 14/16
  1244 | D        | Noticed an orc knight
  1244 | D        | Noticed an orc sorcerer
  1245 | D        | Reached skill level 10 in Invocations
  1251 | D        | Killed an orc knight
  1253 | D        | Killed an orc sorcerer
  1632 | D        | Noticed a cyclops
  1633 | D        | Killed an unseen horror
  1633 | D        | Reached skill level 8 in Armour
  1637 | D        | Reached skill level 9 in Armour
  1640 | D        | Killed a cyclops
  1640 | D        | Reached skill level 10 in Armour
  1651 | D        | Reached skill level 11 in Armour
  1659 | D        | Killed a shadow wraith
  1659 | D        | Reached skill level 13 in Armour
  1662 | D        | Reached XP level 11. HP: 69/94 MP: 17/17
  1663 | D        | Noticed Josephine
  1671 | D        | Killed Josephine
  1671 | D        | Reached skill level 14 in Armour
  1674 | D        | Reached skill level 15 in Armour
  1846 | D        | Noticed an orc sorcerer
  1846 | D        | Noticed Gastronok
  1848 | D        | Killed an orc sorcerer
  1855 | D        | Killed Gastronok
  1855 | D        | Reached skill level 17 in Armour
  2027 | D        | Killed a shadow wraith
  2027 | D        | Reached skill level 18 in Armour
  2048 | D        | Noticed a cyan ugly thing
  2049 | D        | Noticed an alligator snapping turtle
  2054 | D        | Reached skill level 19 in Armour
  2057 | D        | Killed a cyan ugly thing
  2070 | D        | Killed an alligator snapping turtle
  2241 | D        | Noticed a fire crab
  2245 | D        | Noticed a deep elf mage
  2247 | D        | Reached skill level 20 in Armour
  2249 | D        | Reached skill level 21 in Armour
  2249 | D        | Reached XP level 12. HP: 90/102 MP: 12/18
  2361 | D        | Reached skill level 22 in Armour
  2450 | D        | Noticed an orc warlord
  2455 | D        | Noticed an orc warlord
  2459 | D        | Reached skill level 23 in Armour
  2462 | D        | Reached skill level 24 in Armour
  2465 | D        | Killed an orc warlord
  2465 | D        | Reached skill level 25 in Armour
  2467 | D        | Killed an orc warlord
  2525 | D        | Noticed a vault guard
  2535 | D        | Noticed a nagaraja
  2537 | D        | Killed a vault guard
  2537 | D        | Reached skill level 26 in Armour
  2537 | D        | Reached XP level 13. HP: 54/107 MP: 15/19
  2550 | D        | Killed a nagaraja
  2758 | D        | Reached skill level 27 in Armour
  3051 | D        | Noticed an ophan
  3060 | D        | Killed an ophan
  3468 | D        | Noticed a nagaraja
  3469 | D        | Noticed a green draconian
  3475 | D        | Noticed a deep elf death mage
  3476 | D        | Noticed a purple draconian annihilator
  3480 | D        | Killed a green draconian
  3482 | D        | Noticed an Executioner
  3483 | D        | Killed a nagaraja
  3483 | D        | Noticed a deep elf demonologist
  3484 | D        | Killed an Executioner
  3484 | D        | Reached skill level 10 in Fighting
  3485 | D        | Killed a deep elf death mage
  3487 | D        | Noticed a purple draconian shifter
  3488 | D        | Killed a purple draconian annihilator
  3489 | D        | Killed a deep elf demonologist
  3491 | D        | Noticed a nagaraja
  3494 | D        | Noticed a white draconian shifter
  3494 | D        | Noticed a nagaraja
  3495 | D        | Noticed a green draconian
  3499 | D        | Reached XP level 14. HP: 71/129 MP: 11/20
  3500 | D        | Killed a purple draconian shifter
  3506 | D        | Killed a white draconian shifter
  3506 | D        | Killed a nagaraja
  3506 | D        | Reached skill level 15 in Fighting
  3510 | D        | Killed a nagaraja
  3511 | D        | Noticed a nagaraja
  3525 | D        | Killed a nagaraja
  3983 | D        | Noticed a sphinx
  3997 | D        | Killed a sphinx
  4077 | D        | Gained mutation: You passively map a small area around you.
                  | [potion of mutation]
  4077 | D        | Gained mutation: You are dopey. (Int -2) [potion of
                  | mutation]
  4077 | D        | Lost mutation: You are dopey. (Int -2) [potion of mutation]
  4077 | D        | Gained mutation: You are covered in fur. (AC +1) [potion of
                  | mutation]
  4078 | D        | Lost mutation: You passively map a small area around you.
                  | [potion of mutation]
  4078 | D        | Lost mutation: You are covered in fur. (AC +1) [potion of
                  | mutation]
  4078 | D        | Gained mutation: You possess an exceptional clarity of
                  | mind. [potion of mutation]
  4078 | D        | Gained mutation: Armour fits poorly on your strangely
                  | shaped body. [potion of mutation]
  4078 | D        | Gained mutation: Your flesh is cold resistant. (rC+)
                  | [potion of mutation]
  4079 | D        | Lost mutation: Your flesh is cold resistant. (rC+) [potion
                  | of mutation]
  4079 | D        | Lost mutation: Armour fits poorly on your strangely shaped
                  | body. [potion of mutation]
  4079 | D        | Lost mutation: You possess an exceptional clarity of mind.
                  | [potion of mutation]
  4079 | D        | Gained mutation: You are frail. (-10% HP) [potion of
                  | mutation]
  4079 | D        | Gained mutation: You have a pair of large horns on your
                  | head. [potion of mutation]
  4080 | D        | Lost mutation: You are frail. (-10% HP) [potion of
                  | mutation]
  4080 | D        | Gained mutation: You have large cloven feet. [potion of
                  | mutation]
  4080 | D        | Gained mutation: You are frail. (-10% HP) [potion of
                  | mutation]
  4080 | D        | Gained mutation: You evolve. [potion of mutation]
  4084 | D        | Gained mutation: You have supernaturally acute eyesight.
                  | (SInv) [evolution]
  4089 | D        | Got the amulet of Keihapi {+Rage rN+}
  4091 | D        | Got the amulet of Qazlal's Anger {Inacc +Inv rPois}
  4093 | D        | Got the amulet of Zungan {Gourm rC- rN+ Str+2}
  4095 | D        | Got the amulet of Daitet {Faith *Slow rF+ MP+9}
  4097 | D        | Got the amulet of Oenomania {RegenMP Dex+3}
  4100 | D        | Got the ring "Onof" {MP+9 EV-2 Dex-4 Slay+2}
  4102 | D        | Got the amulet of Egalitarianism {Gourm Str+4}
  4104 | D        | Got the ring of Joisotani {rN+ Str+4 Int-4}
  4106 | D        | Got the amulet of the City {Gourm rPois rF- MR++}
  4108 | D        | Got the amulet "Xiniwk" {Acrobat +Inv rF+ rC- Int+5}
  4112 | D        | Got the ring "Naeth" {rF+ Int+5 Dex+3 Stlth+}
  4146 | D        | Got the ring "Xidiv" {rF+ Str+2}
  4148 | D        | Got the ring "Wununtoff" {rElec rPois rF+ MP+9 Dex+3}
  4159 | D        | Got the ring of the Tortoise {Fire Int+4}
  4161 | D        | Got the ring of Morality {*Corrode rN++ MR+}
  4163 | D        | Got the ring "Earthly Heaven" {rF+ MR+ Dex+4 SInv Stlth+}
  4167 | D        | Got the ring of Beogh's Whim {Ice rPois Int+7 Slay-5}
  4170 | D        | Got the ring of Tibiw {-Tele +Fly rElec rN+ Int+5 SInv}
  4172 | D        | Got the ring of the Messenger {rN+ EV+6 Dex+2}
  4174 | D        | Got the ring "Uwist" {rC+ Slay+2}
  4176 | D        | Got the ring of Qoonitott {rPois rC- MR+ Dex+2}
  4179 | D        | Got the ring "Niobah" {rElec rPois rC+ Dex-3}
  4181 | D        | Got the ring "Zoriutwa" {rC+ Int+6}
  4183 | D        | Got the ring of Boyj {rC++ MR+ Int+3}
  4185 | D        | Got the ring "Rinur" {*Contam rPois Str+4 SInv}
  4339 | D        | Noticed Ilsuiw
  4347 | D        | Killed Ilsuiw
  4363 | D        | Noticed Maurice
  4396 | D        | Killed Maurice
  4419 | D        | Got the ring "Tothrigy" {rF+ MP+9}
  4511 | D        | Got Jytauh's Incunabulum of Entrancing Conjuration
  4620 | D        | Noticed a war gargoyle
  4620 | D        | Noticed an angel
  4620 | D        | Noticed a lich
  4620 | D        | Noticed Dissolution
  4621 | D        | Noticed Jory
  4622 | D        | Killed an angel
  4622 | D        | Reached XP level 15. HP: 141/144 MP: 21/21
  4623 | D        | Noticed a Brimstone Fiend
  4625 | D        | Killed a lich
  4630 | D        | Noticed Frederick
  4632 | D        | Paralysed by a floating eye for 3 turns
  4634 | D        | HP: 6/145 [acid (7)]
  4634 | D        | Slain by Dissolution

Skill      XL: |  1  2  3  4  5  6  7  8  9 10 11 12 13 14 |
---------------+-------------------------------------------+-----
Fighting       | 3 4 5 8 13 22 | 22.7
Axes           | 4 5 6 8 12 15 20 | 20.1
Armour         | 2 3 5 7 13 21 26 27 | 27.0
Dodging        | 4 5 8 13 15 16 18 24 | 24.5
Invocations    | 2 7 9 10 | 10.6
Throwing       | |  2.0

Action                   |  1- 3 |  4- 6 |  7- 9 | 10-12 | 13-15 || total
-------------------------+-------+-------+-------+-------+-------++-------
Melee: Hand axe          |    16 |    32 |    24 |       |       ||    72
       Headbutt          |     5 |     9 |    15 |    47 |    54 ||   130
       War axe           |     2 |       |    17 |   124 |    24 ||   167
       Battleaxe         |       |       |       |       |   116 ||   116
Invok: Slouch            |       |       |     2 |    10 |    20 ||    32
       Bend Time         |       |       |       |       |     1 ||     1
  Use: Potion            |       |     1 |     1 |     2 |    12 ||    16
 Stab: Invisible         |       |    10 |       |       |       ||    10
  Eat: Chunk             |       |       |     1 |     4 |    10 ||    15
       Ration            |       |       |       |       |     1 ||     1
Armor: Leather armour    |     7 |       |       |       |       ||     7
       Chain mail        |       |     4 |     7 |       |       ||    11
       Plate armour      |       |       |     3 |    28 |     7 ||    38
       Storm dragon scal |       |       |       |       |    39 ||    39
Dodge: Dodged            |    25 |    24 |    31 |   136 |   170 ||   386
